 Dungeon Crawl Stone Soup version 0.30-a0-782-ge64f9170bb (webtiles) character file.

Game seed: 11577974532172130032

110 Smoke131 the Firebug (level 4, -1/36 HPs)
             Began as a Draconian Fire Elementalist on Feb 19, 2023.
             Slain by a howler monkey (6 damage)
             ... on level 5 of the Dungeon.
             The game lasted 00:06:37 (1836 turns).

Smoke131 the Firebug (Draconian Fire Elementalist)  Turns: 1836, Time: 00:06:38

Health: -1/36      AC:  6    Str: 10    XL:     4   Next: 61%
Magic:  8/8        EV: 12    Int: 18    God:
Gold:   103        SH:  0    Dex: 11    Spells: 5/8 levels left

rFire   . . .      SeeInvis .    n - +1 mace (holy)
rCold   . . .      Faith    .    (no shield)
rNeg    . . .      Spirit   .    (body armour unavailable)
rPois   .          Reflect  .    (helmet restricted)
rElec   .          Harm     .    (no cloak)
rCorr   .          Rampage  .    (no gloves)
Will    .....                    m - +0 pair of boots
Stlth   ++                       (no amulet)
HPRegen 0.26/turn                (no ring)
MPRegen 0.11/turn                (no ring)

@: no status effects
A: AC +5, unfitting armour, cold-blooded
a: no special abilities


You were on level 5 of the Dungeon.
You visited 1 branch of the dungeon, and saw 4 of its levels.

You collected 103 gold pieces.

Inventory:

Hand Weapons
 i - a +0 quarterstaff
 n - a +1 mace of holy wrath (weapon)
Armour
 m - a +0 pair of boots (worn)
Wands
 c - a wand of acid (12)
Scrolls
 a - a scroll of enchant armour
 e - a scroll of poison {unknown}
 g - a scroll of identify
 j - a scroll of fog {unknown}
 k - a scroll of immolation {unknown}
Potions
 b - a potion of flight {unknown}
 h - a potion of mutation {unknown}
 l - 3 potions of curing {unknown}


   Skills:
 + Level 1.8 Fighting
 + Level 2.4 Dodging
 - Level 1.7 Stealth
 + Level 2.7 Spellcasting
 + Level 2.2 Conjurations
 + Level 3.5 Fire Magic


You had 5 spell levels left.
You knew the following spells:

 Your Spells              Type           Power      Damage    Failure   Level
a - Foxfire               Conj/Fire      48%        2x1d6     5%          1
b - Scorch                Fire           30%        2d7       6%          2

Your spell library contained the following spells:

 Spells                   Type           Power      Damage    Failure   Level
 Inner Flame              Hex/Fire       8%         N/A       24%         3
 Cigotuvi's Dreadful Rot  Necr/Pois/Air  4%         N/A       26%         2
 Kindle Blastsparks       Fire/Tloc/Air  12%        2d11      30%         3
 Spider Form              Tmut/Pois      2%         N/A       45%         3
 Flame Wave               Conj/Fire      12%        2d6       45%         4
 Dispel Undead            Necr           2%         3d7       86%         4
 Death Channel            Necr           1%         N/A       100%        6
 Starburst                Conj/Fire      6%         6d4       100%        6


Dungeon Overview and Level Annotations

Branches:
Dungeon (3/15)

Altars:
Kikubaaqudgha
Zin


Innate Abilities, Weirdness & Mutations

Your plain brown scales are hard. (AC +5)
You cannot fit into any form of body armour.
You are cold-blooded and may be slowed by cold attacks.


Message History

The ogre shouts!
Found a mace.
A scorpion comes into view.
A phantom comes into view.
The ogre attacks as you move away!
The ogre hits you with a +0 giant club!!
Ouch! That really hurt!
Found a short sword.
Found a book of Vapours.
Found 10 gold pieces.
Found 10 gold pieces.
An ufetubus and a howler monkey come into view.
The howler monkey howls!
The ufetubus shouts!
The howler monkey hits you.
Found 18 gold pieces, a short sword and a falchion.
The ufetubus closely misses you. The ufetubus barely misses you.
The howler monkey hoots and howls with incredible vigour!
The ufetubus hits you but does no damage.
The ufetubus barely misses you.
You hear an angry growl.
You hear a bellow!
As you read the scroll labelled VULADO NUXEHEQ, it crumbles to dust.
It is a scroll of identify.
a - a scroll of enchant armour The ufetubus barely misses you.
The ufetubus hits you but does no damage.
As you read the scroll labelled OCA SI HYGIVIDGH, it crumbles to dust.
It is a scroll of amnesia.
Okay, then.
The ufetubus closely misses you.
The ufetubus hits you but does no damage.
The howler monkey hits you but does no damage.
The ogre hits you with a +0 giant club. The ufetubus hits you. x2
As you read the scroll labelled AXZEYWNEFET, it crumbles to dust.
You feel aware of your surroundings.
You sensed 2 altars.
It was a scroll of magic mapping.
The howler monkey hits you.
* * * LOW HITPOINT WARNING * * *
The ufetubus hits you but does no damage.
The ufetubus hits you.
* * * LOW HITPOINT WARNING * * *
The ogre barely misses you. The howler monkey hits you.
You die...

**,,*#.#.##,*,*,*,##.#.##* *#..
**,**,#.##.#,.#*,*,##.#.## *#W
,*,,*#.#.##.#.)**,*,##.#.## #.
,,,,,##.#.##.#$,#*,*,##.#.## #.
,,,,*,##$#W##.)#.##,*,##...# #s
,,,*,*,##.#.##$.#.##,*,##.)# #§
,,,**,*,##.#s##..#.#*,*,##.# #.
,,,,**,*,##.#O#O#5#*,*,##..#####§
,,,,,**,*,##.#.#@#*,*,*#.......W§
,,,,,,**,*,##$#h##,*,*#.........§
,,,,,,,**,*,##.##,*,**##..##.##..
**,,,,,,**,*,##*,*,**.....#8.8#..
,,,,,,,,,**,*,*,*,**.............
**,,,,,,,,**,*,*,**,...#..#8.8#..
**,,,,,,,,,**,*,**,,...#..##.##..
,*,,,,,,,,,,**,**,,,..,#.,,......
,*,,,,,,,,,,,***>,,,,,,***,**,,**


You could see an ogre, a howler monkey and an ufetubus.

Vanquished Creatures
  An iguana (D:3)
  2 adders (D:2)
  2 gnolls (D:3)
  A worm (D:3)
  A dart slug (D:1)
  4 bats
  3 endoplasms
  3 goblins
  6 hobgoblins
  3 kobolds
  A quokka (D:2)
  A ball python (D:1)
  5 frilled lizards
  10 rats
43 creatures vanquished.

Vanquished Creatures (others)
  52 foxfires
  12 plants
64 creatures vanquished.

Grand Total: 107 creatures vanquished

Notes
Turn   | Place    | Note
-------+----------+-------------------------------------------
     0 | D:1      | Smoke131 the Draconian Fire Elementalist began the quest
                  | for the Orb.
     0 | D:1      | Reached XP level 1. HP: 14/14 MP: 3/3
   166 | D:1      | Reached XP level 2. HP: 22/22 MP: 3/5
   612 | D:1      | Got the Discursus on Glowing Infection
   722 | D:1      | Learned a level 2 spell: Scorch
   799 | D:2      | Reached skill level 1 in Fighting
  1060 | D:2      | Reached XP level 3. HP: 28/28 MP: 3/6
  1590 | D:3      | Reached XP level 4. HP: 5/36 MP: 1/7
  1740 | D:3      | Found a glowing silver altar of Zin.
  1771 | D:3      | You fall into a shaft and drop 2 floors!
  1771 | D:5      | Entered Level 5 of the Dungeon
  1772 | D:5      | Found an ancient bone altar of Kikubaaqudgha.
  1780 | D:5      | Noticed an ogre
  1792 | D:5      | Noticed a scorpion
  1792 | D:5      | Noticed a phantom
  1836 | D:5      | Slain by a howler monkey

Illustrated notes

Levels and vault maps discovered:
D:1:      psy_arrival_whirlpool, layout_basic, serial_forest,
          infiniplex_forest_lined_3, infiniplex_forest_clump_cross,
          infiniplex_forest_corner_1, infiniplex_forest_corner_1, minivault_25
D:2:      layout_basic, minmay_misc_feat_iff
D:3:      wad_woods_stonehenge, layout_rooms, chequers_big_river, minmay_between
D:5:      minmay_inner_zag, layout_rooms, vehumet_statue,
          mainiacjoe_overflow_brackets, mainiacjoe_overflow_alcove_4,
          corexii_item_surrounded_by_moat, small_statue_intersection,
          uniq_grinder

Skill      XL: |  1  2  3 |
---------------+----------+-----
Dodging        | 2 |  2.4
Fighting       | 1 |  1.8
Conjurations   | 2 |  2.2
Stealth        | |  1.7
Spellcasting   | |  2.7
Fire Magic     | |  3.5

Action                     |  1- 3 |  4- 6 || total
---------------------------+-------+-------++-------
  Melee: Falchion          |    40 |       ||    40
         Tailslap          |     5 |     1 ||     6
         Mace              |     8 |     1 ||     9
   Cast: Foxfire           |    32 |     2 ||    34
         Scorch            |     9 |     3 ||    12
    Use: Potion            |     1 |       ||     1
         Scroll            |       |     3 ||     3
   Stab: Sleeping          |     2 |       ||     2
 Armour: Skin              |    25 |     7 ||    32
  Dodge: Dodged            |    49 |    14 ||    63

Table legend: (Time is in decaauts)
 A = Elapsed time spent in this place.
 B = Non-inter-level travel time spent in this place.
 C = Inter-level travel time spent in this place.
 D = Time resting spent in this place.
 E = Time spent auto-exploring this place.
 F = Levels seen in this place.
 G = Mean time per level.
                   A        B        C        D        E       F      G
               +--------+--------+--------+--------+--------+-----+--------+
         Total |   1854 |   1838 |     16 |    233 |   1070 |   4 |  463.5 |
       Dungeon |   1854 |   1838 |     16 |    233 |   1070 |   4 |  463.5 |
               +--------+--------+--------+--------+--------+-----+--------+

Top non-repeatable levels by time:
     D:2: 816 daAuts
     D:1: 732 daAuts
     D:3: 241 daAuts
     D:5: 64 daAuts
